Cogmind - Beta 13 @@@ ROGUE MODE // 2024.04.30 @ 19:46:24 Player: luckinvolved Result: Destroyed by B-75 Beast with Magnetic Acceleration Cannon Performance ------------- Evolutions (3) 1500 Regions Visited (10) 2000 Robots Destroyed (85) 425 Value Destroyed (2755) 2755 Prototype IDs (4) 80 Alien Tech Used (0) 0 Bonus (625) 625 TOTAL SCORE: 7385 Bonus ------- Follower Combat Kills 25 Aligned with FarCom 300 Met Imprinter 300 Cogmind --------- Core Integrity 0/700 Matter 277/300 Energy 45/100 System Corruption 0% Temperature Cool (12) Movement Core (50) Location -6/Proximity Caves Parts ------- > --- POWER (1) -------- (None) > --- PROPULSION (4) --- (None) > --- UTILITY (6) ------ Advanced Terrain Scan Processor 0b10 Decoder Chip [Scout] 0b10 Decoder Chip [Skirmisher] > --- WEAPON (2) ------- (None) > --- INVENTORY (5) ---- Hacking Drone Bay Enhanced Autogun Heavy Rocket Launcher Spear Peak State ------------ > --- POWER ------------ Micro Nuclear Core > --- PROPULSION ------- Medium Treads Medium Treads Medium Treads Medium Treads > --- UTILITY ---------- Medium Storage Unit Machine Analyzer Improved Terrain Scanner Improved Terrain Scan Processor Advanced Terrain Scan Processor Improved Medium Armor Plating > --- WEAPON ----------- YOLO Cannon > --- INVENTORY -------- Light Nuclear Core Advanced Treads Improved Heat Sink Large Matter Pod Advanced Terrain Scan Processor Improved EM Pulse Cannon Missile Launcher Spear [Rating: 60] Favorites ----------- Power Micro Nuclear Core Engine Light Ion Engine Power Core Micro Nuclear Core Propulsion Light Treads Treads Light Treads Leg Carbon-fiber Leg Flight Unit Xenon Bombardment Thruster Utility Medium Storage Unit Device Improved Terrain Scanner Storage Medium Storage Unit Processor Advanced Terrain Scan Processor Protection Improved Light Armor Plating Weapon Enhanced Autogun Energy Gun Precision Beam Rifle Energy Cannon YOLO Cannon Ballistic Gun Enhanced Autogun Slashing Weapon Greatsword Piercing Weapon Spear Build | -11 -10 -10 -10 -9 -8 -7 -7 -7 -7 -6 ------- Run | Yrd Mat Min Exi Min Mat Fac Low Low Zio Pro Slots Evolved 6 | . . . . . 4 2 . . . . Power . | . . . . . . . . . . . Propulsion 2 | . . . . . 2 . . . . . Utility 4 | . . . . . 2 2 . . . . Weapon . | . . . . . . . . . . . Parts Attached 97 | 6 4 . 2 12 29 17 3 9 10 5 Power 8 | 1 . . 1 2 2 1 . . 1 . Engine 5 | 1 . . 1 2 1 . . . . . Core 3 | . . . . . 1 1 . . 1 . Reactor . | . . . . . . . . . . . Propulsion 25 | 2 . . . 7 9 3 . 3 1 . Treads 12 | 2 . . . . 4 3 . 3 . . Leg 10 | . . . . 5 5 . . . . . Wheel . | . . . . . . . . . . . Hover . | . . . . . . . . . . . Flight 3 | . . . . 2 . . . . 1 . Utility 24 | 1 2 . . 1 6 4 . 3 5 2 Device 6 | . . . . 1 2 1 . . 2 . Storage 3 | 1 1 . . . . . . . 1 . Processor 7 | . . . . . 4 . . 1 . 2 Hackware . | . . . . . . . . . . . Protection 8 | . 1 . . . . 3 . 2 2 . Artifact . | . . . . . . . . . . . Weapon 40 | 2 2 . 1 2 12 9 3 3 3 3 Energy Gun 15 | 1 2 . . . 4 4 1 1 1 1 Energy Cannon 8 | . . . 1 . 2 2 1 1 . 1 Ballistic Gun 14 | 1 . . . 1 5 3 1 1 1 1 Ballistic Cannon . | . . . . . . . . . . . Launcher . | . . . . . . . . . . . Special Weapon . | . . . . . . . . . . . Impact Weapon . | . . . . . . . . . . . Slashing Weapon 2 | . . . . 1 1 . . . . . Piercing Weapon 1 | . . . . . . . . . 1 . Special Melee Weapon . | . . . . . . . . . . . Unidentified Prototypes 4 | . . . 1 . 3 . . . . . Corrupted Parts 2 | . . . . 2 . . . . . . System Corruption 6 | . . . . 6 . . . . . . Parts Lost 29 | . . 1 . 4 5 . . 8 . 11 Power 3 | . . 1 . 1 . . . . . 1 Propulsion 12 | . . . . 3 3 . . 3 . 3 Utility 11 | . . . . . 1 . . 5 . 5 Weapon 3 | . . . . . 1 . . . . 2 Highest Loss Streak 11 | . . 1 . 2 3 . . 4 . 11 To Critical Strikes . | . . . . . . . . . . . Average Slot Usage (%) 90 | . 90 100 90 79 90 95 99 81 95 95 Engine 3 | . 14 14 12 9 4 . . . . . Core 4 | . . . . . 4 7 7 7 7 6 Treads 21 | . 28 28 28 16 6 30 30 24 23 22 Leg 4 | . . . . 4 24 . . . . . Flight 2 | . . . . 5 . . . . 4 6 Device 4 | . . . . 3 7 1 7 3 6 7 Storage 9 | . 14 14 14 14 9 7 7 7 7 6 Processor 10 | . . . . . 18 23 23 13 7 7 Protection 11 | . 4 14 14 10 . 9 7 7 22 21 Energy Gun 5 | . 14 14 7 . 6 9 6 6 7 6 Energy Cannon 1 | . . . 6 3 . . . . . . Ballistic Gun 6 | . 14 14 7 4 9 4 6 6 4 6 Slashing Weapon 1 | . . . . 6 . . . . . . Naked Turns . | . . . . . . . . . . . Heaviest Build 36 | 12 22 18 32 32 34 36 29 29 35 35 Greatest Support 112 | 40 40 40 40 40 82 106 106 112 70 70 Greatest Overweight (x) 5 | . . . . 5 1 . . . . . Average Overweight (x) . | . . . . . . . . . . . Largest Inventory Capacity 10 | 8 10 10 10 10 10 10 10 10 10 10 Average Capacity 9 | 6 8 10 10 10 10 10 10 10 10 9 Most Carried 10 | 2 7 7 8 10 10 10 10 10 10 10 Average Carried 9 | 1 3 7 7 9 9 9 9 9 9 9 Final Capacity 10 | 8 10 10 10 10 10 10 10 10 10 5 Final Carried 10 | 2 7 7 8 10 10 10 10 9 10 4 Class Distribution -------------------- 52% | Mutant 23% | Scavenger-Mutant 14% | Skirmisher 8% | Scavenger-Skirmisher Dominant Class ---------------- Mutant | -10/Materials Mutant | -10/Mines Mutant | -10/Exiles Mutant | -9/Mines Scavenger-Skirmisher | -8/Materials Mutant | -7/Factory Skirmisher | -7/Lower Caves Mutant | -7/Lower Caves Scavenger-Mutant | -7/Zion Scavenger-Mutant | -6/Proximity Caves Resources | -11 -10 -10 -10 -9 -8 -7 -7 -7 -7 -6 ----------- Run | Yrd Mat Min Exi Min Mat Fac Low Low Zio Pro Matter Collected 1638 | 219 31 . . 200 450 411 56 190 73 8 Remotely . | . . . . . . . . . . . Salvage Created 3214 | . 116 . . 314 739 921 216 517 . 391 Parts 192 | . 7 . . 27 49 50 8 33 . 18 Haulers Intercepted 3 | . 1 . . . 2 . . . . . Recyclers Shooed . | . . . . . . . . . . . Parts Field Recycled . | . . . . . . . . . . . Retrieved Matter . | . . . . . . . . . . . Parts Self-Destructed 55 | . . . . . . . 7 30 . 18 Prevented . | . . . . . . . . . . . Kills | -11 -10 -10 -10 -9 -8 -7 -7 -7 -7 -6 ------- Run | Yrd Mat Min Exi Min Mat Fac Low Low Zio Pro Combat Hostiles Destroyed 72 | . 4 . . 12 17 14 5 11 . 9 Melee 8 | . . . . 8 . . . . . . Guns 40 | . 4 . . 1 14 9 1 9 . 2 Cannons 4 | . . . . . 1 . 1 1 . 1 AOE 20 | . . . . 3 2 5 3 1 . 6 Classes Destroyed 14 | . 2 . . 3 2 6 . . . 1 Worker 3 | . . . . 1 1 1 . . . . Tunneler 1 | . . . . . . 1 . . . . Hauler 3 | . 1 . . . 2 . . . . . Recycler 4 | . . . . . . 4 . . . . Drone 2 | . . . . . . . . . . 2 Watcher 2 | . . . . . 1 1 . . . . Swarmer 22 | . 4 . . 7 6 3 . 1 . 1 Grunt 29 | . . . . 4 9 1 5 6 . 4 Brawler 4 | . . . . . . 1 . 2 . 1 Duelist 2 | . . . . 1 . 1 . . . . Protector 1 | . . . . . . 1 . . . . Sentry 6 | . . . . . 2 2 . 1 . 1 Hunter 3 | . . . . . . 3 . . . . Programmer 3 | . . . . . . 2 . 1 . . Best Kill Streak 7 | . 3 . . 4 4 7 4 4 . 7 Combat Bots Only 7 | . 3 . . 4 4 6 4 4 . 7 Max Kills in Single Turn 7 | . 2 . . 2 4 5 4 2 . 7 Gunslinging 1 | . 1 . . . 1 . . . . . Exploded 6 | . . . . 2 2 5 3 1 . 6 Melee 1 | . . . . 1 . . . . . . Uniques/NPCs Destroyed . | . . . . . . . . . . . Combat | -11 -10 -10 -10 -9 -8 -7 -7 -7 -7 -6 -------- Run | Yrd Mat Min Exi Min Mat Fac Low Low Zio Pro Hostile Shots Fired 422 | . 10 9 . 55 89 127 7 63 . 62 Missed 118 | . 1 1 . 16 17 49 1 20 . 13 Damage Taken 4988 | . 79 344 . 611 974 1086 87 688 . 1119 Core 792 | . . 61 . 154 150 45 . 23 . 359 Absorbed by Shields . | . . . . . . . . . . . Redirected to Shielding 28 | . . 14 . 14 . . . . . . Regen/Repaired (Parts) 278 | . . . . . . . . . 278 . Core Remaining (%) 62 | 100 . . . 14 72 . . . . . Volleys Fired 163 | . 8 1 . 3 65 46 4 29 . 7 Largest 2 | . 2 2 . 1 2 2 2 2 . 2 Hottest 122 | . 70 70 . 100 105 122 100 100 . 100 Shots Fired 312 | . 16 2 . 3 127 90 7 56 1 10 Gun 301 | . 16 2 . 1 126 87 6 54 1 8 Cannon 11 | . . . . 2 1 3 1 2 . 2 Launcher . | . . . . . . . . . . . Special . | . . . . . . . . . . . Kinetic 169 | . 8 1 . 1 88 37 3 27 . 4 Thermal 136 | . 8 1 . 2 34 51 4 29 1 6 Explosive . | . . . . . . . . . . . Electromagnetic 7 | . . . . . 5 2 . . . . Robot Hit Streak 20 | . 3 3 . 1 15 20 11 16 . 3 Robot Miss Streak 5 | . 3 . . 1 3 5 . 2 . 2 Penetration Max . | . . . . . . . . . . . Secondary Targets 7 | . 1 . . . 3 1 . 2 . . Max Gunslinging Chain 1 | . 1 . . . 1 1 . 1 . . Shots Hit Robots 240 | . 8 2 . 19 92 61 6 46 . 6 Core Hits 125 | . 7 . . 12 34 36 7 20 . 9 Critical Kills . | . . . . . . . . . . . Critical Parts Destroyed 1 | . . . . . 1 . . . . . Critical Strikes 10 | . 1 . . 2 3 3 1 . . . Burn 7 | . 1 . . . 2 3 1 . . . Destroy 1 | . . . . . 1 . . . . . Sever 2 | . . . . 2 . . . . . . Melee Attacks 30 | . . . . 26 3 . . . 1 . Impact . | . . . . . . . . . . . Slashing 29 | . . . . 26 3 . . . . . Piercing 1 | . . . . . . . . . 1 . Sneak Attacks 1 | . . . . 1 . . . . . . Combat Hostiles . | . . . . . . . . . . . Follow-up Attacks . | . . . . . . . . . . . Damage Inflicted 6880 | . 95 24 . 1082 1742 1881 423 963 . 670 Guns 3549 | . 95 24 . 12 1448 1041 85 747 . 97 Cannons 638 | . . . . . 81 152 127 141 . 137 Explosions 1780 | . . . . 157 213 688 211 75 . 436 Melee 913 | . . . . 913 . . . . . . Ramming . | . . . . . . . . . . . Kinetic 1918 | . 21 11 . 12 1013 403 35 395 . 28 Thermal 3667 | . 74 13 . 157 702 1123 388 568 . 642 Explosive 309 | . . . . . . 309 . . . . Electromagnetic 73 | . . . . . 27 46 . . . . Impact . | . . . . . . . . . . . Slashing 913 | . . . . 913 . . . . . . Piercing . | . . . . . . . . . . . Highest Corruption 13 | . . . . 6 . . . 13 13 . Average Corruption 11 | . . . . 5 . . . 11 13 . Corruption Purged . | . . . . . . . . . . . Corruption Blocked . | . . . . . . . . . . . Effects 26 | . . . . 2 . . . 19 5 . Message Errors 7 | . . . . 2 . . . 4 1 . Matter Fused 6 | . . . . . . . . 3 3 . Heat Flow Errors 5 | . . . . . . . . 5 . . Energy Discharges 2 | . . . . . . . . 2 . . Data Loss (minor) 4 | . . . . . . . . 4 . . Data Loss (major) 1 | . . . . . . . . 1 . . Misfires 1 | . . . . . . . . . 1 . Overload Shots . | . . . . . . . . . . . Overflow Damage 109 | . . . . 43 . . . 66 . . Projectiles 66 | . . . . . . . . 66 . . Explosions 6 | . . . . 6 . . . . . . Melee 37 | . . . . 37 . . . . . . Knockbacks . | . . . . . . . . . . . Impact . | . . . . . . . . . . . Kinetic . | . . . . . . . . . . . Secondary . | . . . . . . . . . . . Self-Inflicted Damage 153 | . . . . 75 . . . . . 78 Shots 2 | . . . . 1 . . . . . 1 Rammed . | . . . . . . . . . . . Targets Rammed . | . . . . . . . . . . . Kicked . | . . . . . . . . . . . Crushed . | . . . . . . . . . . . Highest Temperature 306 | . 27 9 . 20 140 306 103 266 17 18 Average Temperature 75 | . 11 6 . 16 45 97 56 98 12 11 Received Heat Transfer 1218 | . . . . 105 486 141 72 216 . 198 Siege Activations . | . . . . . . . . . . . Robots Corrupted . | . . . . . . . . . . . Combat Hostiles . | . . . . . . . . . . . Parts Fried 1 | . . . . . . 1 . . . . Impact Corruptions . | . . . . . . . . . . . Robots Melted . | . . . . . . . . . . . Combat Hostiles . | . . . . . . . . . . . Parts Melted 11 | . . . . 1 2 7 . 1 . . Heat Transferred 5612 | . 296 37 . 80 1233 1933 505 900 . 628 Parts Sabotaged . | . . . . . . . . . . . Parts Stolen . | . . . . . . . . . . . Parts Stripped . | . . . . . . . . . . . Power Chain Reactions . | . . . . . . . . . . . Alert | -11 -10 -10 -10 -9 -8 -7 -7 -7 -7 -6 ------- Run | Yrd Mat Min Exi Min Mat Fac Low Low Zio Pro Peak Influence 397 | . 119 46 . 114 321 397 . . . . Initial 145 | . . 46 . . 44 145 . . . . Average 123 | . 62 45 . 48 188 198 . . . . Maximum Alert Level 1 | . . . . . 1 1 . . . . Low Security (%) 75 | 100 100 100 . 100 43 65 . . . . Level 1 24 | . . . . . 56 34 . . . . Level 2 . | . . . . . . . . . . . Level 3 . | . . . . . . . . . . . Level 4 . | . . . . . . . . . . . Level 5 . | . . . . . . . . . . . High Security . | . . . . . . . . . . . Max Security . | . . . . . . . . . . . Squads Dispatched 12 | . 1 . . . 5 6 . . . . Investigation 3 | . . . . . 2 1 . . . . Extermination 1 | . . . . . . 1 . . . . Reinforcement 5 | . 1 . . . 3 1 . . . . Assault . | . . . . . . . . . . . Garrison 3 | . . . . . . 3 . . . . Intercept . | . . . . . . . . . . . Searches Triggered . | . . . . . . . . . . . Construction Impeded . | . . . . . . . . . . . Haulers Reinforced . | . . . . . . . . . . . Active Scanning Responses . | . . . . . . . . . . . Cargo Convoy Interrupts 1 | . . . . . . 1 . . . . Stealth | -11 -10 -10 -10 -9 -8 -7 -7 -7 -7 -6 --------- Run | Yrd Mat Min Exi Min Mat Fac Low Low Zio Pro Distress Signals 7 | . 2 . . . 4 1 . . . . Communications Jammed . | . . . . . . . . . . . Distress Signals . | . . . . . . . . . . . Times Spotted 101 | . 7 2 . 13 33 16 5 11 . 14 Peak Tracking Total 9 | . 4 2 . 4 6 7 4 4 . 9 Tactical Retreats 3 | . . . . . 3 . . . . . Traps | -11 -10 -10 -10 -9 -8 -7 -7 -7 -7 -6 ------- Run | Yrd Mat Min Exi Min Mat Fac Low Low Zio Pro Traps Triggered 3 | . . . . 1 1 1 . . . . Indirectly . | . . . . . . . . . . . Trap Hack Attempts . | . . . . . . . . . . . Triggered . | . . . . . . . . . . . Disarmed . | . . . . . . . . . . . Reprogrammed . | . . . . . . . . . . . Reused . | . . . . . . . . . . . Traps Extracted . | . . . . . . . . . . . Installed . | . . . . . . . . . . . Triggered 1 | . . . . . . . 1 . . . Machines | -11 -10 -10 -10 -9 -8 -7 -7 -7 -7 -6 ---------- Run | Yrd Mat Min Exi Min Mat Fac Low Low Zio Pro Machines Disabled 3 | . . . . . . 2 . . . 1 Max in Single Turn 1 | . . . . . . 1 . . . 1 Machines Repaired . | . . . . . . . . . . . Machines Dismantled . | . . . . . . . . . . . Machines Sabotaged . | . . . . . . . . . . . Overloaded Fab Kills . | . . . . . . . . . . . Hacking | -11 -10 -10 -10 -9 -8 -7 -7 -7 -7 -6 --------- Run | Yrd Mat Min Exi Min Mat Fac Low Low Zio Pro Machines Accessed 11 | . 2 . 1 1 4 3 . . . . Terminals 7 | . 2 . . . 3 2 . . . . Fabricators . | . . . . . . . . . . . Repair Stations . | . . . . . . . . . . . Recycling Units 1 | . . . . . 1 . . . . . Scanalyzers . | . . . . . . . . . . . Garrison Access 1 | . . . . . . 1 . . . . Total Hacks 24 | . 4 . 2 1 9 8 . . . . Successful 6 | . 1 . 2 1 1 1 . . . . Failed 18 | . 3 . . . 8 7 . . . . Catastrophic 8 | . 1 . . . 4 3 . . . . Database Lockouts . | . . . . . . . . . . . Manual 18 | . 4 . 1 . 9 4 . . . . Terminals 15 | . 4 . . . 7 4 . . . . Fabricators . | . . . . . . . . . . . Repair Stations . | . . . . . . . . . . . Recycling Units 2 | . . . . . 2 . . . . . Scanalyzers . | . . . . . . . . . . . Garrison Access 4 | . . . . . . 4 . . . . Terminal Hacks 5 | . 1 . 2 1 . 1 . . . . Record 2 | . . . 2 . . . . . . . Open Door 1 | . . . . 1 . . . . . . Level Access Points 1 | . . . . . . 1 . . . . Branch Access Points 1 | . 1 . . . . . . . . . Fabricator Hacks . | . . . . . . . . . . . Repair Station Hacks . | . . . . . . . . . . . Recycling Unit Hacks . | . . . . . . . . . . . Scanalyzer . | . . . . . . . . . . . Garrison Access Hacks . | . . . . . . . . . . . Unauthorized Hacks 1 | . . . . . 1 . . . . . Terminals . | . . . . . . . . . . . Fabricators . | . . . . . . . . . . . Repair Stations . | . . . . . . . . . . . Recycling Units 1 | . . . . . 1 . . . . . Tunnel 1 | . . . . . 1 . . . . . Scanalyzers . | . . . . . . . . . . . Garrison Access . | . . . . . . . . . . . Data Cores Recovered . | . . . . . . . . . . . Used . | . . . . . . . . . . . Hacking Detections 8 | . 2 . . . 3 3 . . . . Full Trace Events 1 | . . . . . . 1 . . . . Feedback Events . | . . . . . . . . . . . Feedback Blocked . | . . . . . . . . . . . Robot Schematics Acquired 3 | . . . . . . . . . 3 . Robots Built . | . . . . . . . . . . . Authchips . | . . . . . . . . . . . Time . | . . . . . . . . . . . Total Robot Build Rating . | . . . . . . . . . . . Part Schematics Acquired 16 | . . . . . . . . . 16 . Parts Built . | . . . . . . . . . . . Authchips . | . . . . . . . . . . . Time . | . . . . . . . . . . . Total Part Build Rating . | . . . . . . . . . . . Parts Repaired . | . . . . . . . . . . . Time . | . . . . . . . . . . . Parts Recycled . | . . . . . . . . . . . Recycled Matter . | . . . . . . . . . . . Retrieved Matter . | . . . . . . . . . . . Retrieved Components . | . . . . . . . . . . . Parts Scanalyzed . | . . . . . . . . . . . Part Schematics Acquired . | . . . . . . . . . . . Parts Damaged . | . . . . . . . . . . . Bothacking | -11 -10 -10 -10 -9 -8 -7 -7 -7 -7 -6 ------------ Run | Yrd Mat Min Exi Min Mat Fac Low Low Zio Pro Used RIF Installer . | . . . . . . . . . . . Robots Hacked . | . . . . . . . . . . . Non-combat . | . . . . . . . . . . . Combat . | . . . . . . . . . . . Robot Hacks Applied . | . . . . . . . . . . . Relay Couplers Released . | . . . . . . . . . . . Fabnet Peak Effective % . | . . . . . . . . . . . Robots Rewired . | . . . . . . . . . . . Allies Hacked . | . . . . . . . . . . . Hacks Repelled . | . . . . . . . . . . . Allies | -11 -10 -10 -10 -9 -8 -7 -7 -7 -7 -6 -------- Run | Yrd Mat Min Exi Min Mat Fac Low Low Zio Pro Total Allies 2 | . . . . 2 . . . . . . Largest Group 2 | . . . . 2 . . . . . . Highest-Rated Group 46 | . . . . 46 . . . . . . Highest-Rated Ally 31 | . . . . 31 . . . . . . Total Orders . | . . . . . . . . . . . Ally Attacks 6 | . . . . 6 . . . . . . Total Damage 83 | . . . . 83 . . . . . . Kills 1 | . . . . 1 . . . . . . Allies Corrupted . | . . . . . . . . . . . Allies Melted . | . . . . . . . . . . . Intel | -11 -10 -10 -10 -9 -8 -7 -7 -7 -7 -6 ------- Run | Yrd Mat Min Exi Min Mat Fac Low Low Zio Pro Robot Analysis Total . | . . . . . . . . . . . Derelict Logs Recovered 6 | . . . . 2 . . 1 . 1 2 Drone Launches . | . . . . . . . . . . . Drone Recoveries . | . . . . . . . . . . . Exploration | -11 -10 -10 -10 -9 -8 -7 -7 -7 -7 -6 ------------- Run | Yrd Mat Min Exi Min Mat Fac Low Low Zio Pro Turns Passed 7556 | 74 234 74 337 1593 1147 1012 628 619 1395 443 Spaces Moved 4142 | 41 122 38 209 835 539 491 390 323 879 275 Core 21 | 1 . . . 3 . . . . . 17 Treads 3290 | 40 122 38 209 415 125 491 390 323 879 258 Legs 565 | . . . . 151 414 . . . . . Wheels . | . . . . . . . . . . . Hover . | . . . . . . . . . . . Flight 266 | . . . . 266 . . . . . . Fastest Speed 50 | 50 160 160 160 117 120 156 156 155 155 50 Average Speed 149 | 157 160 160 160 140 129 156 156 158 155 148 Slowest Speed 360 | 160 160 160 160 360 240 156 156 160 155 155 Overloaded Moves . | . . . . . . . . . . . Propulsion Burnouts . | . . . . . . . . . . . Robots Hopped . | . . . . . . . . . . . Cave-ins Triggered . | . . . . . . . . . . . Exploration Rate (%) 43 | 4 29 12 59 94 39 15 56 45 84 43 Regions Visited 10 Branch Regions 7 Pre-discovered Areas 2 | . . . . . 1 . . . 1 . Known Exits Taken 3 | . 1 . . . 1 . 1 . . . Unknown Exits Taken 7 | 1 . 1 1 1 . 1 . 1 1 . Scrap Searched 8 | . . . . 2 . . 2 1 3 . Spaces Dug 3 | . . . . 1 2 . . . . . Terrain Destroyed 163 | . . . . 43 14 25 22 32 . 27 Melee 3 | . . . . 1 2 . . . . . Projectile 4 | . . . . 2 . . . 1 . 1 AOE 156 | . . . . 40 12 25 22 31 . 26 Terrain Rammed . | . . . . . . . . . . . Walls Destroyed . | . . . . . . . . . . . Machines Disabled . | . . . . . . . . . . . Actions | -11 -10 -10 -10 -9 -8 -7 -7 -7 -7 -6 --------- Run | Yrd Mat Min Exi Min Mat Fac Low Low Zio Pro Total 5158 | 48 143 49 212 1193 866 661 402 380 909 295 Wait 623 | . 4 11 . 302 191 90 3 15 3 4 Move 4132 | 40 121 37 208 834 538 490 389 322 878 275 Hop . | . . . . . . . . . . . Pick Up 40 | 2 5 . . 5 13 5 . 1 9 . Fast Attach 57 | 6 2 . 1 10 18 7 2 6 3 2 Attach 22 | . . . 1 1 10 3 1 3 . 3 Detach 14 | . . . 2 1 6 2 1 1 . 1 Swap 18 | . 2 . . 1 1 7 . . 7 . Drop 59 | . 1 . . 10 21 11 2 3 8 3 Fire 163 | . 8 1 . 3 65 46 4 29 . 7 Melee 30 | . . . . 26 3 . . . 1 . Ram . | . . . . . . . . . . . Kick . | . . . . . . . . . . . Crush . | . . . . . . . . . . . Escape Stasis . | . . . . . . . . . . . Rewire . | . . . . . . . . . . . Trap . | . . . . . . . . . . . Miscellaneous . | . . . . . . . . . . . Route ------- -11/Scrapyard -10/Materials (discovered 2 exits: *Min x2) -10/Mines -10/Exiles -9/Mines -8/Materials -7/Factory (discovered 5 exits: Fac x4 / [*Low]) -7/Lower Caves -7/Lower Caves (discovered 2 exits: *Fac / [*Zio]) -7/Zion -6/Proximity Caves History --------- Turn | Location | Event 28 | -11/Scrapyard | Discovered new exit (range 15) 75 | -11/Scrapyard | Entered Materials 99 | -10/Materials | Identified exit to Mines 309 | -10/Materials | Entered Mines 310 | -10/Mines | Assembled infested the area 317 | -10/Mines | Build established: Mutant 377 | -10/Mines | Discovered new exit (range 6) 383 | -10/Mines | Entered Exiles 421 | -10/Exiles | Met 8R-AWN 452 | -10/Exiles | Met EX-HEX 493 | -10/Exiles | Met EX-BIN 512 | -10/Exiles | Aligned with FarCom system 514 | -10/Exiles | Given EX-Vault access code 551 | -10/Exiles | Opened EX-Vault 563 | -10/Exiles | Found Prototype Energy Cannon 563 | -10/Exiles | Identified YOLO Cannon 597 | -10/Exiles | Warned to stay clear of 0b10 Research branches 645 | -10/Exiles | Met EX-DEC 707 | -10/Exiles | Discovered new exit (range 10) 720 | -10/Exiles | Left Exiles lab with YOLO Cannon 720 | -10/Exiles | Entered Mines 1067 | -9/Mines | Learned Materials emergency access door positions 1201 | -9/Mines | Learned Materials stockpile data 1612 | -9/Mines | Met a Derelict who couldn't figure out how to use a Trap Extractor 1834 | -9/Mines | Core integrity fell below 50% 2175 | -9/Mines | Core integrity fell below 20% 2300 | -9/Mines | Discovered new exit (range 10) 2313 | -9/Mines | Entered Materials 2313 | -8/Materials | Evolved 4 slots: Propulsion x2, Utility x2 2709 | -8/Materials | Build established: Scavenger-Skirmisher 2906 | -8/Materials | Discovered new exit (range 13) 2956 | -8/Materials | Lost 3 parts (2n1w) 2974 | -8/Materials | Identified exit to Factory 3420 | -8/Materials | Build established: Mutant 3460 | -8/Materials | Entered Factory 3460 | -7/Factory | Evolved 2 slots: Utility x2 3484 | -7/Factory | Identified exit to Factory 3930 | -7/Factory | Garrison activated, responded to threat 4122 | -7/Factory | Cargo convoy interrupted 4422 | -7/Factory | Discovered new exit (range 13) 4472 | -7/Factory | Entered Lower Caves 4524 | -7/Lower Caves | Build established: Skirmisher 4828 | -7/Lower Caves | Spotted B-75 Beast 4931 | -7/Lower Caves | Encountered a Warlord checkpoint 5073 | -7/Lower Caves | Identified exit to Lower Caves 5100 | -7/Lower Caves | Entered another Lower Caves area 5116 | -7/Lower Caves | Discovered exit to Factory (range 4) 5121 | -7/Lower Caves | Attracted the attention of an 0b10 checkpoint 5299 | -7/Lower Caves | Lost 4 parts (1n3u) 5441 | -7/Lower Caves | System corruption reached 10% 5485 | -7/Lower Caves | Lost 4 parts (2n2u) 5698 | -7/Lower Caves | Discovered new exit (range 5) 5719 | -7/Lower Caves | Entered Zion 5742 | -7/Zion | Build established: Mutant 5778 | -7/Zion | Learned location of 1 exit from Lower Caves 5855 | -7/Zion | System corruption cleaned by Quarantine Array 5892 | -7/Zion | Discovered new exit (range 11) 6305 | -7/Zion | Build established: Scavenger-Mutant 6321 | -7/Zion | Given the Hacking Drone Bay 6321 | -7/Zion | Found Prototype Device 6503 | -7/Zion | Rebuked by Imprinter 6716 | -7/Zion | Learned location of Warlord (-5) 7114 | -7/Zion | Entered Proximity Caves 7121 | -6/Proximity Caves | Spotter reported a threat 7248 | -6/Proximity Caves | Spotter reported a threat 7257 | -6/Proximity Caves | Learned Factory stockpile data 7261 | -6/Proximity Caves | Learned Factory terminal intel 7511 | -6/Proximity Caves | Attracted the attention of an 0b10 outpost 7523 | -6/Proximity Caves | Core integrity fell below 50% 7535 | -6/Proximity Caves | Destroyed 7 combat bots 7544 | -6/Proximity Caves | Spotted B-75 Beast 7548 | -6/Proximity Caves | Core integrity fell below 20% 7557 | -6/Proximity Caves | Destroyed by B-75 Beast with Magnetic Acceleration Cannon Last Messages --------------- 07526_ Rnf. Deuterium Engine fries itself beyond repair. 07526_ Imp. Medium Armor Plating destroyed. 07527_ Acquired Enh. Autogun. 07528_ Adv. Heat Sink fries itself beyond repair. 07528_ Hvy. Laser fries itself beyond repair. 07528_ Penetrated by Slug. 07528_ Slug penetrates Wall. 07528_ Lgt. Treads destroyed. 07529_ Lgt. Treads fries itself beyond repair. 07530_ Adv. Heat Sink fries itself beyond repair. 07530_ Acquired Pulse Rifle. 07531_ Penetrated by Slug. 07531_ Xenon Bombardment Thruster destroyed. 07531_ Penetrated by Slug. 07532_ Neutrino Core fries itself beyond repair. 07535_ Slug penetrates Wall. 07536_ Pulse Rifle destroyed. 07544_ Med. Treads destroyed. 07547_ Dropped Adv. Treads. 07551_ Imp. Heat Sink destroyed. Map ----- +----------------------------------------------------+ | ### #????# #????????????????????? | | ####?# ##??## ??????????????????????? | | ?????# #### ##??##???????????????????? | | ??#### #? # ""## ##??????????????????? | | ?## ##?##"" """ # ?????????????????? | | ## ##?##""" " ?????????????????? | | #### ????????????????? | | """ #?????????????????? | | # "" ""# #?????????????????? | | #### ####### #######???? ??????????????????? | | ???# ## #?????????????????????????????? | | ????# ## #?????????????????????????????? | | ?????### ## ######?????????????????????????????? | | ???????# ##% #??????????????????????????????????? | | ??????## ## =##?????????????????????????????????? | | ?????## #?????????????????????????????????? | | ????## #?????????????????????????????????? | | ????# #?????????????????????????????????? | | ????# %#?????????????????????????????????? | | ????## ##????????????????????????????????? | | ?????## "#????????????????????????????????? | | ??????# #####????????????????????????????? | | ??????####### #"#??????????#?????????????????? | | ????????????# ###?????? #?????????????????? | | ????????????# ##### ###???????????????? | | ?????# % @% ????????? | | ??????# ????????? | | ??????# ### ### ????????? | | ??????## #??### #????????????????? | | ???????## BB ##?????? #???????????????? | | ????????# BB #???????? ??????????????? | | ????????# ##????????? ????????????? | | ???????# #???????????### ???????????? | | ???????## ??????????????? ???????????? | | ????????## ???????????????????????????? | | ?????????### ??????????????????????????? | | ???????????# ??????????????????????????? | | ??????????? ### ??????????????????????????? | | ?????????????? ???# ??????????????????????????? | | ???????????????? ???????????????????????????????? | | ?????????????????????????????????????????????????? | | ?????????????????????????????????????????????????? | | ?????????????????????????????????????????????????? | | ?????????????????????????????????????????????????? | | ?????????????????????????????????????????????????? | | ?????????????????????????????????????????????????? | | ?????????????????????????????????????????????????? | | ?????????????????????????????????????????????????? | | ?????????????????????????????????????????????????? | | ?????????????????????????????????????????????????? | +----------------------------------------------------+ Best States ------------- Heat Dissipation 48 Coolant Potential 65 Energy Generation 18 Energy Capacity 250 Matter Stores 300 Matter Capacity 300 Sight Range 16 Terrain Scan Range 16 Terrain Scan Density 310 Additional Mass Support 6 Armor Coverage 525 Core Shielding 20 Evasion (%) 55 Recoil Reduction 4 Item Schematics ----------------- Cloaking Device | -7/Zion | Archive Great Axe | -7/Zion | Archive Flexi-carbon Leg | -7/Zion | Archive Mak. System Restoration Module | -7/Zion | Archive Imp. Melee Analysis Suite | -7/Zion | Archive Mak. Axe | -7/Zion | Archive Power Amplifier | -7/Zion | Archive Antigrav System | -7/Zion | Archive Lgt. Angular Momentum Engine | -7/Zion | Archive Arm. Huge Wheel | -7/Zion | Archive Hvy. Plasma Cannon | -7/Zion | Archive Arc Projector | -7/Zion | Archive Focal Shield | -7/Zion | Archive Mak. Power Source | -7/Zion | Archive Recoil Nullifier | -7/Zion | Archive HERF Cannon | -7/Zion | Archive Robot Schematics ------------------ H-55 Commando | -7/Zion | Archive K-01 Serf | -7/Zion | Archive G-47 Trooper | -7/Zion | Archive Fabricated ------------ Nothing Alien Tech Used ----------------- None Achievements -------------- None Challenges ------------ None Game ------ Seed InsulatedChargeHumpback Manual? 0 Play Time 00:48:13 Cumulative 66.7 hours Start 2024.04.30 @ 19:00:14 End 2024.04.30 @ 19:46:24 Sessions 1 Manual Loads 0 Difficulty Rogue Special Mode None Game No. 101 Rogue 96 Adventurer 5 Explorer 0 Win Type - Total 2 Types 1/0/0/1/0/0/0/0/0 Lore% 36 Gallery% 57 Achievement% 44 Wizard Run 0 Options --------- Layout 0 ASCII 0 Keyboard 0 Movement Mouse Keybinds 0 Fullscreen 1 Font 24/Smallcaps Map View 76x50 Zoom Use 9% Tactical HUD 1 Map Filters NONE Filters NONE Steam 1 RUN: 89268cdc-014a-47b1-90d5-bc880e1cc9e9